 Dungeon Crawl Stone Soup version 0.29.1-12-g30fa7ad0bf (webtiles) character file.

Game seed: 16636436984435505375

18 hawla the Chiller (level 3, 0/27 HPs)
             Began as a Meteoran Ice Elementalist on Dec 26, 2022.
             Succumbed to Crazy Yiuf's poison
             ... on level 2 of the Dungeon.
             The game lasted 00:02:27 (276 turns).

hawla the Chiller (Meteoran Ice Elementalist)        Turns: 276, Time: 00:02:27

Health: 0/27       AC:  2    Str:  9    XL:     3   Next: 5%
Magic:  3/8        EV: 12    Int: 18    God:
Gold:   58         SH:  0    Dex: 15    Spells: 4/8 levels left

rFire   + . .      SeeInvis .   (no weapon)
rCold   . . .      Faith    .   (no shield)
rNeg    . . .      Spirit   .   a - +0 robe
rPois   .          Reflect  .   (no helmet)
rElec   .          Harm     .   (no cloak)
rCorr   .          Rampage  .   (no gloves)
Will    .....                   (no boots)
Stlth   +.........              (no amulet)
HPRegen 0.09/turn               d - ring of protection from fire
MPRegen 0.11/turn               (no ring)

@: lethally poisoned (0 -> -8), freezing walls, flying, very slightly
contaminated, glowing
A: sense surroundings 1, otherworldly, glowing, explore regen
a: no special abilities


You were on level 2 of the Dungeon.
You visited 1 branch of the dungeon, and saw 2 of its levels.

You collected 58 gold pieces.

Inventory:

Armour
 a - a +0 robe (worn)
Jewellery
 d - a ring of protection from fire (left hand)
Scrolls
 c - 3 scrolls of identify {unknown}


   Skills:
 + Level 0.4 Fighting
 + Level 2.4 Dodging
 - Level 1.4 Stealth
 + Level 3.1 Spellcasting
 + Level 4.9 Ice Magic


You had 4 spell levels left.
You knew the following spells:

 Your Spells              Type           Power      Damage    Failure   Level
a - Freeze                Ice            80%        1d9       2%          1
b - Frozen Ramparts       Ice            40%        1d7       6%          3

Your spell library contained the following spells:

 Spells                   Type           Power      Damage    Failure   Level
 Ozocubu's Armour         Ice            20%        N/A       6%          3
 Hailstorm                Conj/Ice       11%        3d5       52%         4
 Airstrike                Air            1%         2d(1-17)  85%         4
 Summon Lightning Spire   Summ/Air       2%         N/A       85%         4
 Lightning Bolt           Conj/Air       1%         1d12      99%         5


Dungeon Overview and Level Annotations

Branches:
Dungeon (2/15) Zot: 924

Altars:
Elyvilon

Annotations:
D:2 Crazy Yiuf


Innate Abilities, Weirdness & Mutations

You passively map a small area around you.
You are easily found by Zot.
You glow in the dark.
You regain HP and MP as you explore.


Message History

Crazy Yiuf is lightly wounded.
Crazy Yiuf screams, "Cake arga verde!"
Crazy Yiuf barely misses you.
Casting: Freeze (safe; 2% risk of failure)
Confirm with . or Enter, or press ? or * to list all spells.
Aiming: Freeze (safe; 2% risk of failure)
Press: ? - help, Shift-Dir - straight line, f/p - Crazy Yiuf
Aim: Crazy Yiuf, wielding a +3 quarterstaff of chaos and wearing a +0 cloak (lightly wounded)
You freeze Crazy Yiuf.
Crazy Yiuf is heavily wounded.
Crazy Yiuf drinks a potion.
Crazy Yiuf flickers and vanishes!
Deactivating autopickup; reactivate with Ctrl-A.
Magic courses through your body. Something hits you!
You are poisoned.
Casting: Freeze (safe; 2% risk of failure)
Confirm with . or Enter, or press ? or * to list all spells.
The spell is quite dangerous to miscast (6% risk of failure)!
Continue anyway?
Casting: Frozen Ramparts (quite dangerous; 6% risk of failure)
Press: ? - help, Dir - look around, f - activate The walls around you are covered in ice.
You feel very sick.
The wall freezes something.
Something hits you!
Casting: Frozen Ramparts (quite dangerous; 6% risk of failure)
Confirm with . or Enter, or press ? or * to list all spells.
You can't see any susceptible monsters within range! (Use Z to cast anyway.)
Casting: Frozen Ramparts (quite dangerous; 6% risk of failure)
Confirm with . or Enter, or press ? or * to list all spells.
Aiming: Freeze (safe; 2% risk of failure)
Press: ? - help, Shift-Dir - straight line You freeze something.
* * * LOW HITPOINT WARNING * * *
You feel very sick.
The wall freezes something but does no damage.
Something hits you.
* * * LOW HITPOINT WARNING * * *
You feel your power leaking away.
It was a potion of flight.
You feel very buoyant.
You fly up into the air.
You die...

*, #.#..####.. *
#.##.#..######
#..........###
#########.....
##...##†. #..###...
### * ♣♣##..##....
#)..#♣♣ ♣♣.#...#.....
#...{@♣♣♣♣......#.....
#...#♣..♣......##.....
### ♣♣♣.♣..#.###.....
♣♣♣♣♣####......
###.#....
#######........
#.......##.....
##....#####.....
#.....# #.....


There were no monsters in sight!

Vanquished Creatures
  2 bats (D:1)
  A giant cockroach (D:2)
  2 goblins
  2 hobgoblins
  A quokka (D:2)
  2 ball pythons (D:2)
  4 frilled lizards
  A kobold (D:1)
  2 rats (D:2)
17 creatures vanquished.

Notes
Turn   | Place    | Note
-------+----------+-------------------------------------------
     0 | D:1      | hawla the Meteoran Ice Elementalist began the quest for the
                  | Orb.
     0 | D:1      | Reached XP level 1. HP: 14/14 MP: 5/5
    35 | D:1      | Reached XP level 2. HP: 16/22 MP: 0/6
   159 | D:2      | Found a white marble altar of Elyvilon.
   219 | D:2      | Found a runed translucent door.
   220 | D:2      | Noticed Crazy Yiuf
   243 | D:2      | Reached XP level 3. HP: 25/27 MP: 5/8
   251 | D:2      | Learned a level 3 spell: Frozen Ramparts
   276 | D:2      | Succumbed to Crazy Yiuf's poison

Illustrated notes

Levels and vault maps discovered:
D:1:      spicycebolla_arrival_clurvy, layout_basic, serial_shops,
          nicolae_shop_behind_doors
D:2:      layout_rooms, shapermc_ecumenical_altar_hornbeckon, basic_altar,
          uniq_crazy_yiuf_cottage

Skill      XL: |  1  2 |
---------------+-------+-----
Spellcasting   | 3 |  3.1
Fighting       | |  0.4
Dodging        | |  2.4
Stealth        | |  1.4
Ice Magic      | |  4.9

Action                   || total
-------------------------++-------
Melee: Unarmed           ||    10
 Cast: Freeze            ||    25
       Frozen Ramparts   ||     1
  Use: Potion            ||     2
Armor: Robe              ||     8
Dodge: Dodged            ||    22
